 Dungeon Crawl Stone Soup version 0.24.0-13-gcf9b319 (webtiles) character file.

Game seed: 14424900765665095458, levelgen mode: deterministic

165 ClockworkOrrery the Insei (level 5, 47/47 HPs)
             Began as a Gnoll Monk on Mar 20, 2020.
             Quit the game on level 3 of the Dungeon.
             The game lasted 00:06:05 (2303 turns).

ClockworkOrrery the Insei (Gnoll Monk)              Turns: 2303, Time: 00:06:06

Health: 47/47      AC:  3    Str: 14    XL:     5   Next: 46%
Magic:  7/7        EV: 17    Int: 13    God:
Gold:   111        SH:  0    Dex: 17    Spells: 6/6 levels left

rFire    . . .     SeeInvis .     - Unarmed
rCold    . . .     Gourm    .   (no shield)
rNeg     + . .     Faith    .   a - +0 robe
rPois    .         Spirit   .   (no helmet)
rElec    .         Reflect  .   (no cloak)
rCorr    .         Harm     .   c - +0 pair of gloves
MR       .....                  (no boots)
Stlth    +++.......             (no amulet)
HPRegen  0.15/turn              i - ring of positive energy
MPRegen  0.10/turn              (no ring)

@: no status effects
A: distributed training, fangs 1, strong nose
a: no special abilities


You were on level 3 of the Dungeon.
You were not hungry.

You visited 1 branch of the dungeon, and saw 3 of its levels.

You collected 111 gold pieces.

Inventory:

Armour
 a - a +0 robe (worn)
 c - a +0 pair of gloves (worn)
Jewellery
 i - a ring of positive energy (left hand)
Scrolls
 d - 2 scrolls of immolation {unknown}
 e - 6 scrolls of identify {unknown}
 g - a scroll of remove curse {unknown}
Potions
 h - 3 potions of curing {unknown}
Comestibles
 b - 2 rations


   Skills:
 + Level 6.7 Fighting
 + Level 1.4 Short Blades
 + Level 1.4 Long Blades
 + Level 1.4 Axes
 + Level 1.4 Maces & Flails
 + Level 1.4 Polearms
 + Level 1.4 Staves
 + Level 1.4 Slings
 + Level 1.4 Bows
 + Level 1.4 Crossbows
 + Level 1.4 Throwing
 + Level 1.4 Armour
 + Level 6.7 Dodging
 + Level 4.4 Stealth
 + Level 1.4 Shields
 + Level 6.7 Unarmed Combat
 + Level 1.4 Spellcasting
 + Level 1.1 Conjurations
 + Level 1.1 Hexes
 + Level 1.1 Charms
 + Level 1.1 Summonings
 + Level 1.1 Necromancy
 + Level 1.1 Translocations
 + Level 1.1 Transmutations
 + Level 1.1 Fire Magic
 + Level 1.1 Ice Magic
 + Level 1.1 Air Magic
 + Level 1.1 Earth Magic
 + Level 1.1 Poison Magic
 + Level 1.6 Invocations
 + Level 1.4 Evocations


You had 6 spell levels left.
You didn't know any spells.
Your spell library was empty.

Dungeon Overview and Level Annotations

Branches:
Dungeon (3/15)

Altars:
Cheibriados
Fedhas


Innate Abilities, Weirdness & Mutations

Your experience applies equally to all skills.
You have very sharp teeth.
Your uncanny sense of smell can sniff out nearby items.


Message History

* * * LOW HITPOINT WARNING * * *
You punch the orc!
You kill the orc!
Items here: )))) [ ††† Butcher an orc corpse? [(y)es/(n)o/(a)ll/(q)uit/?]
You butcher the orc corpse. x2
You butcher the goblin corpse.
f - 2 chunks of flesh (gained 1);
f - 6 chunks of flesh (gained 4)
f - 7 chunks of flesh (gained 1)
Items here: )))) [ ÷÷÷
Okay, then.
You start resting.
Eating one of 7 chunks of flesh.
You eat one of the 7 chunks of flesh.
This raw flesh tastes terrible.
Magic restored.
You start resting.
All of the chunks of flesh in your inventory have rotted away.
HP restored.
Things that are here:
a +0 falchion; a +0 leather armour; an orc skeleton Are you sure you want to abandon this character and quit the game? (Confirm with "yes".)

## .. #.######
## ###......##.#
### .......#)#.#
.... #.@.)###..(
##..###.#.#..##.
........##......
##.#####.......#
#.#..##.#
#.##.##.#
#.##.#..##.#
#....#.##.#
##..##.##.#


There were no monsters in sight!

Vanquished Creatures
  2 orc priests (D:3)
  4 adders (D:2)
  An ooze (D:1)
  4 worms (D:2)
  A dart slug (D:1)
  A leopard gecko (D:1)
  3 orcs (D:3)
  6 bats
  A giant cockroach (D:3)
  6 goblins
  9 hobgoblins
  2 jackals (D:2)
  5 kobolds
  A quokka (D:2)
  3 frilled lizards
  2 rats (D:1)
51 creatures vanquished.

Notes
Turn   | Place    | Note
-------+----------+-------------------------------------------
     0 | D:1      | ClockworkOrrery the Gnoll Monk began the quest for the Orb.
     0 | D:1      | Reached XP level 1. HP: 23/23 MP: 1/1
    60 | D:1      | Reached XP level 2. HP: 29/29 MP: 2/2
   491 | D:1      | Reached XP level 3. HP: 27/35 MP: 3/3
   592 | D:1      | Found a snail-covered altar of Cheibriados.
   926 | D:2      | Reached skill level 1 in Invocations
  1101 | D:2      | Reached skill level 1 in Short Blades
  1101 | D:2      | Reached skill level 1 in Long Blades
  1101 | D:2      | Reached skill level 1 in Axes
  1101 | D:2      | Reached skill level 1 in Maces & Flails
  1101 | D:2      | Reached skill level 1 in Polearms
  1101 | D:2      | Reached skill level 1 in Staves
  1101 | D:2      | Reached skill level 1 in Slings
  1101 | D:2      | Reached skill level 1 in Bows
  1101 | D:2      | Reached skill level 1 in Crossbows
  1101 | D:2      | Reached skill level 1 in Throwing
  1101 | D:2      | Reached skill level 1 in Armour
  1101 | D:2      | Reached skill level 1 in Shields
  1101 | D:2      | Reached skill level 1 in Spellcasting
  1101 | D:2      | Reached skill level 1 in Evocations
  1101 | D:2      | Reached XP level 4. HP: 36/41 MP: 5/5
  1336 | D:2      | Found a blossoming altar of Fedhas.
  1614 | D:2      | Reached skill level 1 in Conjurations
  1614 | D:2      | Reached skill level 1 in Hexes
  1614 | D:2      | Reached skill level 1 in Charms
  1614 | D:2      | Reached skill level 1 in Summonings
  1614 | D:2      | Reached skill level 1 in Necromancy
  1614 | D:2      | Reached skill level 1 in Translocations
  1614 | D:2      | Reached skill level 1 in Transmutations
  1614 | D:2      | Reached skill level 1 in Fire Magic
  1614 | D:2      | Reached skill level 1 in Ice Magic
  1614 | D:2      | Reached skill level 1 in Air Magic
  1614 | D:2      | Reached skill level 1 in Earth Magic
  1614 | D:2      | Reached skill level 1 in Poison Magic
  1996 | D:3      | Reached XP level 5. HP: 10/47 MP: 5/7
  2000 | D:3      | HP: 2/47 [orc/+0 club (3)]
  2303 | D:3      | Quit the game

Levels and vault maps discovered:
D:1:      minmay_arrival_cross, layout_basic, solitary_fountain,
          cheibriados_altar_1
D:2:      layout_loops_ring, nicolae_overflow_crystal_walls
D:3:      layout_loops_cross, nicolae_ashenzari_panopticon,
          grunt_decor_resistance

Skill      XL: |  1  2  3  4 |
---------------+-------------+-----
Invocations    | 1 |  1.6
Short Blades   | 1 |  1.4
Long Blades    | 1 |  1.4
Axes           | 1 |  1.4
Maces & Flails | 1 |  1.4
Polearms       | 1 |  1.4
Staves         | 1 |  1.4
Slings         | 1 |  1.4
Bows           | 1 |  1.4
Crossbows      | 1 |  1.4
Throwing       | 1 |  1.4
Armour         | 1 |  1.4
Shields        | 1 |  1.4
Spellcasting   | 1 |  1.4
Evocations     | 1 |  1.4
Conjurations   | 1 |  1.1
Hexes          | 1 |  1.1
Charms         | 1 |  1.1
Summonings     | 1 |  1.1
Necromancy     | 1 |  1.1
Translocations | 1 |  1.1
Transmutations | 1 |  1.1
Fire Magic     | 1 |  1.1
Ice Magic      | 1 |  1.1
Air Magic      | 1 |  1.1
Earth Magic    | 1 |  1.1
Poison Magic   | 1 |  1.1
Fighting       | |  6.7
Dodging        | |  6.7
Stealth        | |  4.4
Unarmed Combat | |  6.7

Action                   |  1- 3 |  4- 6 || total
-------------------------+-------+-------++-------
Melee: Unarmed           |   105 |    73 ||   178
       Bite              |     9 |    10 ||    19
       Punch             |     2 |     2 ||     4
 Stab: Sleeping          |     4 |     5 ||     9
  Eat: Chunk             |     1 |     3 ||     4
Armor: Robe              |    19 |    11 ||    30
Dodge: Dodged            |    64 |    38 ||   102
